 Dungeon Crawl Stone Soup version 0.25-a0-544-gee0576305d (webtiles) character file.

Game seed: 14741782814243003053, levelgen mode: deterministic

93 Esekla the Magician (level 4, 0/36 HPs)
             Began as a Deep Elf Wizard on Feb 20, 2020.
             Was an Initiate of Ashenzari.
             Succumbed to an adder's poison
             ... on level 3 of the Dungeon.
             The game lasted 00:15:12 (1433 turns).

Esekla the Magician (Deep Elf Wizard)               Turns: 1433, Time: 00:15:13

Health: 0/36       AC: 22    Str:  5    XL:     4   Next: 36%
Magic:  1/14       EV:  2    Int: 23    God:    Ashenzari [......]
Gold:   74         SH:  0    Dex: 13    Spells: 6/15 levels left

rFire    + . .     SeeInvis .   e - +0 dagger (curse)
rCold    + . .     Gourm    .   (no shield)
rNeg     + + +     Faith    .   (armour currently unavailable)
rPois    +         Spirit   .   (helmet currently unavailable)
rElec    +         Reflect  .   (cloak currently unavailable)
rCorr    +         Harm     .   (gloves currently unavailable)
MR       .....     NoTele   +   (boots currently unavailable)
Stlth    ++........             (no amulet)
HPRegen  0.12/turn              (no ring)
MPRegen  0.14/turn              (no ring)

@: lethally poisoned (0 -> -4), tree-form (expiring), resistant
A: no striking features
a: Curse Item, Renounce Religion


You were on level 3 of the Dungeon.
You worshipped Ashenzari.
Ashenzari was noncommittal.
You were very hungry.
You were a tree.
You visited 1 branch of the dungeon, and saw 4 of its levels.

You collected 74 gold pieces.

Inventory:

Hand Weapons
 e - a cursed +0 dagger (weapon)
Missiles
 k - 7 poisoned darts (quivered)
Armour
 a - a +0 robe (melded)
 j - a +2 hat (melded)
Scrolls
 b - a scroll of fog
 f - a scroll of random uselessness
 i - 4 scrolls of remove curse
Comestibles
 d - 6 rations


   Skills:
 + Level 0.1 Short Blades
 + Level 2.8 Dodging
 - Level 2.4 Stealth
 * Level 6.2 Spellcasting
 * Level 1.8 Conjurations
   Level 1.1 Summonings
 * Level 1.7 Translocations
 * Level 0.2 Air Magic
 * Level 0.6 Poison Magic


You had 6 spell levels left.
You knew the following spells:

 Your Spells              Type           Power        Failure   Level  Hunger
a - Magic Dart            Conj           ###.         4%          1    None
b - Blink                 Tloc           N/A          6%          2    None
c - Mephitic Cloud        Conj/Pois/Air  ##......     17%         3    #......
f - Conjure Flame         Conj/Fire      ##......     17%         3    #......

Your spell library contained the following spells:

 Spells                   Type           Power        Failure   Level  Hunger
 Call Imp                 Summ           ##......     9%          2    None
 Slow                     Hex            #.......     13%         2    None


Dungeon Overview and Level Annotations

Branches:
Dungeon (4/15)
 Temple: D:4-7

Altars:
Ashenzari


Message History

You hit the adder.
The adder is lightly wounded.
The adder bites you but does no damage.
The giant cockroach bites you but does no damage.
You barely miss the adder.
The adder is lightly wounded.
* * * LOW HITPOINT WARNING * * *
You feel sick. The adder bites you but does no damage.
The giant cockroach bites you but does no damage.
You feel protected. The adder barely misses you.
The giant cockroach bites you but does no damage.
The adder bites you but does no damage.
Casting: Magic Dart (safe; 4% risk of failure)
Confirm with . or Enter, or press ? or * to list all spells.
Aiming: Magic Dart (safe; 4% risk of failure)
Press: ? - help, Shift-Dir - straight line, f - giant cockroach
Aim: a giant cockroach The magic dart hits the giant cockroach but does no damage.
You die...

.#. #..# #.# #..####
#.# #.....# #..
#.###.### ###
#.o.....########
#####.#........
##.....###..####
####.......##...#..
#.♣s.#####.##..#..#
#S##># #..o.K...o #r
#.# #.#.#.#..# ..
..# #.##...#.#
##.##.#####.###.##.#
#. #.......# #.##.#
#. ......... ..##.#
.. ####.#.#######.#
#####.#.# #.#


You could see an adder, a giant cockroach and a rat.

Vanquished Creatures
  A hound (D:3)
  3 adders
  An adder skeleton (D:4)
  A dart slug (D:1)
  2 leopard geckos (D:2)
  A giant cockroach (D:2)
  3 goblins
  4 hobgoblins
  4 jackals (D:3)
  A ball python (D:3)
  3 bats (D:2)
  2 kobolds
  4 rats
30 creatures vanquished.

Notes
Turn   | Place    | Note
-------+----------+-------------------------------------------
     0 | D:1      | Esekla the Deep Elf Wizard began the quest for the Orb.
     0 | D:1      | Reached XP level 1. HP: 10/10 MP: 7/7
    98 | D:2      | Found a shattered altar of Ashenzari.
   109 | D:2      | Became a worshipper of Ashenzari the Shackled
   311 | D:1      | Reached skill level 5 in Spellcasting
   311 | D:1      | Reached XP level 2. HP: 15/15 MP: 8/10
   621 | D:3      | Learned a level 2 spell: Blink
   841 | D:3      | Reached XP level 3. HP: 13/19 MP: 8/12
  1222 | D:2      | Reached skill level 6 in Spellcasting
  1240 | D:2      | Learned a level 3 spell: Mephitic Cloud
  1244 | D:2      | Learned a level 3 spell: Conjure Flame
  1374 | D:4      | Noticed a scorpion
  1424 | D:3      | Reached XP level 4. HP: 8/24 MP: 1/14
  1431 | D:3      | HP: 1/36 [poisoned by an adder]
  1433 | D:3      | Succumbed to an adder's poison

Levels and vault maps discovered:
D:1:      mrwooster_arrival_statue_3, layout_basic
D:2:      layout_basic, first_ration, evilmike_ruin_ashenzari
D:3:      layout_loops_ring
D:4:      layout_basic

Skill      XL: |  1  2  3 |
---------------+----------+-----
Spellcasting   | 5 6 |  6.2
Short Blades   | |  0.1
Dodging        | |  2.8
Stealth        | |  2.4
Conjurations   | |  1.8
Summonings     | |  1.1
Translocations | |  1.7
Air Magic      | |  0.2
Poison Magic   | |  0.6

Action                   |  1- 3 |  4- 6 || total
-------------------------+-------+-------++-------
Melee: Dagger            |    41 |     7 ||    48
 Cast: Magic Dart        |    76 |     2 ||    78
       Blink             |     5 |       ||     5
  Use: Scroll            |     8 |       ||     8
       Potion            |     4 |     1 ||     5
 Stab: Sleeping          |     4 |       ||     4
Armor: Robe              |    35 |       ||    35
       Skin              |    23 |    16 ||    39
Dodge: Dodged            |   116 |     2 ||   118

Table legend:
 A = Non-vault XP
 B = Vault XP
 C = Vault XP percentage of total XP
 D = Non-vault monster count
 E = Vault monster count
 F = Vault count percentage of total count
                 A         B        C        D         E       F
            +---------+---------+-------+---------+---------+-------
      Total |     133 |       0 |   0.0 |      30 |       0 |   0.0
            +---------+---------+-------+---------+---------+-------
        D:1 |       9 |       0 |   0.0 |       4 |       0 |   0.0
        D:2 |      52 |       0 |   0.0 |      16 |       0 |   0.0
        D:3 |      67 |       0 |   0.0 |       9 |       0 |   0.0
        D:4 |       5 |       0 |   0.0 |       1 |       0 |   0.0
            +---------+---------+-------+---------+---------+-------
